 Dungeon Crawl Stone Soup version 0.28-a0-1213-g0243856f03 (webtiles) character file.

Game seed: 3291537574222073698

277 vineage the Fighter (level 6, -12/61 HPs)
             Began as a Minotaur Fighter on Dec 21, 2021.
             Killed from afar by Ijyb (27 damage)
             ... with a bolt of acid
             ... on level 4 of the Dungeon.
             The game lasted 00:03:32 (2422 turns).

vineage the Fighter (Minotaur Fighter)              Turns: 2422, Time: 00:03:33

Health: -12/61     AC: 11    Str: 20    XL:     6   Next: 4%
Magic:  5/5        EV: 10    Int:  5    God:
Gold:   115        SH:  9    Dex: 12    Spells: 5/5 levels left

rFire   . . .      SeeInvis .   e - +2 whip (holy)
rCold   . . .      Faith    .   c - +0 buckler
rNeg    . . .      Spirit   .   g - +3 ring mail
rPois   .          Reflect  +   (helmet restricted)
rElec   .          Harm     .   (no cloak)
rCorr   .          Rampage  .   (no gloves)
Will    .....                   h - +2 pair of boots
Stlth   +.........              j - amulet of reflection
HPRegen 0.20/turn               (no ring)
MPRegen 0.09/turn               (no ring)

@: mighty
A: horns 2, retaliatory headbutt
a: no special abilities


You were on level 4 of the Dungeon.
You visited 1 branch of the dungeon, and saw 4 of its levels.

You collected 115 gold pieces.

Inventory:

Hand Weapons
 a - a +0 long sword of protection
 e - a +2 whip of holy wrath (weapon)
Armour
 c - a +0 buckler (worn)
 g - a +3 ring mail (worn)
 h - a +2 pair of boots (worn)
Jewellery
 j - an amulet of reflection (around neck)
 m - an amulet of guardian spirit
Wands
 o - a wand of acid (12)
Scrolls
 n - a scroll of identify
Potions
 b - a potion of heal wounds {unknown}
 f - a potion of attraction
 i - a potion of magic {unknown}
 k - a potion of brilliance
 l - a potion of degeneration {unknown}


   Skills:
 + Level 8.2 Fighting
 - Level 2.4 Long Blades
 - Level 3.6 Armour
 - Level 3.6 Shields


You had 5 spell levels left.
You didn't know any spells.
Your spell library contained the following spells:

 Spells                   Type           Power      Damage    Failure   Level
 Stone Arrow              Conj/Erth      0%         3d7       95%         3
 Animate Armour           Summ/Erth      0%         N/A       100%        4
 Lehudib's Crystal Spear  Conj/Erth      0%         10d2      100%        8


Dungeon Overview and Level Annotations

Branches:
Dungeon (4/15)
 Temple: D:4-7

Altars:

Shops:
D:1 *:=   D:4 :

Annotations:
D:4 Ijyb


Innate Abilities, Weirdness & Mutations

You have a pair of horns on your head.
You reflexively headbutt those who attack you in melee.


Message History

You are too injured to fight recklessly!
You are too injured to fight recklessly!
You are too injured to fight recklessly!
You are too injured to fight recklessly!
You are too injured to fight recklessly!
You are too injured to fight recklessly!
You are too injured to fight recklessly!
You are too injured to fight recklessly!
You are too injured to fight recklessly!
You are too injured to fight recklessly!
Sorry, you're not good enough to have a special ability.
You feel very mighty all of a sudden.
Ijyb screams, "It's all mine!"
You block the orc's attack.
The orc priest looks braver for a moment.
A giant cockroach comes into view.
The giant cockroach moves out of view.
Ijyb screams, "Die!"
You hit the orc.
You kill the orc!
The orc priest miscasts a cantrip.
The giant cockroach barely misses you. You furiously retaliate!
You headbutt the giant cockroach!
You kill the giant cockroach!
You whack the hobgoblin!
You kill the hobgoblin!
The orc priest looks braver for a moment.
You closely miss Ijyb. Your headbutt misses Ijyb. You block Ijyb's attack.
The orc priest mumbles some strange prayers to Beogh against you.
Beogh smites you!
* * * LOW HITPOINT WARNING * * *
You whack Ijyb! Your headbutt misses Ijyb.
Ijyb is heavily wounded.
You block Ijyb's attack.
You hit Ijyb.
Ijyb is severely wounded.
Ijyb screams, "Die!"
You block Ijyb's attack.
Ijyb zaps a wand.
The bolt of acid hits you!!
You die...

........................####.....
.8...8.##.......................
.......#.(...##.......##.##g.##
######...##.##..##.##.#...#...###
##.##......#...#...........#
##...............#...#......
##..........#...#)##.##.###..
###.....#.....##o##........# .
###.#..###......@.g.$..##.##.###
#......##(...###.##.##.#...#...#
##...........# #.#...#.........#
##...##.....##........#...#.....
##..###........#...#.##.##.#..#
#.... ##.......##.##..)†...#...
###.###†))................##...
####....)..............## ...
#..............#†.....## ..


You could see Ijyb and an orc priest.

Vanquished Creatures
  A scorpion (D:4)
  A jelly (D:3)
  An orc priest (D:4)
  Robin (D:1)
  A gnoll (D:1)
  3 adders
  An ufetubus (D:4)
  2 dart slugs
  7 orcs
  4 ball pythons
  7 bats
  An endoplasm (D:2)
  4 giant cockroaches
  18 goblins
  7 hobgoblins
  10 jackals
  5 quokkas
  2 frilled lizards
  7 kobolds
  5 rats
88 creatures vanquished.

Notes
Turn   | Place    | Note
-------+----------+-------------------------------------------
     0 | D:1      | vineage the Minotaur Fighter began the quest for the Orb.
     0 | D:1      | Reached XP level 1. HP: 19/19 MP: 0/0
    67 | D:1      | Found Jeuzieck's Book Emporium.
    72 | D:1      | Reached skill level 4 in Fighting
   186 | D:1      | Found Salueror's Jewellery Emporium.
   304 | D:1      | Found Vauro's General Store.
   311 | D:1      | Reached XP level 2. HP: 28/28 MP: 1/1
   558 | D:1      | Reached skill level 5 in Fighting
   648 | D:2      | Noticed Robin
   655 | D:1      | Killed Robin
   656 | D:1      | Reached XP level 3. HP: 25/36 MP: 2/2
  1190 | D:2      | Reached XP level 4. HP: 43/44 MP: 3/3
  1191 | D:2      | Reached skill level 6 in Fighting
  1546 | D:2      | Found a faded altar of an unknown god.
  1827 | D:3      | Reached skill level 7 in Fighting
  1827 | D:3      | Reached XP level 5. HP: 49/52 MP: 4/4
  2238 | D:4      | Found Qamagh's Book Boutique.
  2384 | D:4      | Noticed Ijyb
  2393 | D:4      | Reached skill level 8 in Fighting
  2393 | D:4      | Reached XP level 6. HP: 50/61 MP: 5/5
  2422 | D:4      | Killed from afar by Ijyb

Illustrated notes

Levels and vault maps discovered:
D:1:      amcnicky_arrival_flooded_fountain, layout_basic, serial_shops, shop,
          shop_fountains, shop_statue, nicolae_grassy_gnolls
D:2:      layout_rooms, shapermc_ecumenical_altar_pompeii,
          minmay_misc_feat_enclosed, uniq_robin
D:3:      layout_loops_ring
D:4:      layout_cave_pools, serial_shops, nicolae_stop_n_shop_1,
          hangedman_feature_mirror, hangedman_decor_clover_reticule, uniq_ijyb

Skill      XL: |  1  2  3  4  5 |
---------------+----------------+-----
Fighting       | 4 5 7 8 |  8.2
Long Blades    | |  2.4
Armour         | |  3.6
Shields        | |  3.6

Action                   |  1- 3 |  4- 6 || total
-------------------------+-------+-------++-------
Melee: Long sword        |    76 |    71 ||   147
       Headbutt          |    10 |    19 ||    29
       Whip              |       |    35 ||    35
  Use: Scroll            |     3 |     4 ||     7
       Potion            |       |     1 ||     1
Armor: Scale mail        |    66 |       ||    66
       Ring mail         |     2 |    47 ||    49
Dodge: Dodged            |    53 |    73 ||   126
Block: Buckler           |    23 |    43 ||    66

Table legend: (Time is in decaauts)
 A = Elapsed time spent in this place.
 B = Non-inter-level travel time spent in this place.
 C = Inter-level travel time spent in this place.
 D = Time resting spent in this place.
 E = Time spent auto-exploring this place.
 F = Levels seen in this place.
 G = Mean time per level.
                   A        B        C        D        E       F      G
               +--------+--------+--------+--------+--------+-----+--------+
         Total |   2469 |   2425 |     44 |    219 |   1693 |   4 |  617.2 |
       Dungeon |   2469 |   2425 |     44 |    219 |   1693 |   4 |  617.2 |
               +--------+--------+--------+--------+--------+-----+--------+

Top non-repeatable levels by time:
     D:1: 917 daAuts
     D:2: 707 daAuts
     D:3: 632 daAuts
     D:4: 212 daAuts
